 Dungeon Crawl Stone Soup version 0.24.0-2-g5b39cebb1c (webtiles) character file.

Game seed: 8097916626266622401, levelgen mode: deterministic

320 sentinel the Skirmisher (level 6, -2/40 HPs)
             Began as a Gargoyle Fighter on Oct 31, 2019.
             Slain by an ogre
             ... wielding a +0 giant club
              (6 damage)
             ... on level 4 of the Dungeon.
             The game lasted 00:05:44 (2465 turns).

sentinel the Skirmisher (Gargoyle Fighter)          Turns: 2465, Time: 00:05:45

Health: -2/40      AC: 14    Str: 21    XL:     6   Next: 46%
Magic:  6/6        EV:  7    Int:  9    God:
Gold:   149        SH:  9    Dex:  9    Spells: 5/5 levels left

rFire    . . .     SeeInvis .   s - +0 whip (drain)
rCold    . . .     Gourm    .   c - +0 shield
rNeg     + . .     Faith    .   b - +0 scale mail
rPois    ∞         Spirit   .   j - +0 helmet
rElec    +         Reflect  .   (no cloak)
rCorr    .         Harm     .   p - +0 pair of gloves
MR       .....                  q - +0 pair of boots
Stlth    ..........             (no amulet)
HPRegen  0.13/turn              (no ring)
MPRegen  0.10/turn              (no ring)

@: no status effects
A: negative energy resistance 1, electricity resistance, unbreathing,
petrification resistance, rot immunity, AC +4
a: no special abilities


You were on level 4 of the Dungeon.
You were hungry.

You visited 1 branch of the dungeon, and saw 4 of its levels.

You collected 149 gold pieces.

Inventory:

Hand Weapons
 a - a +0 war axe
 s - a +0 whip of draining (weapon)
 t - a +1 flail of crushing
Armour
 b - a +0 scale mail (worn)
 c - a +0 shield (worn)
 j - a +0 helmet (worn)
 p - a +0 pair of gloves (worn)
 q - a +0 pair of boots (worn)
Jewellery
 u - a +4 ring of strength {unknown}
Scrolls
 e - 2 scrolls of enchant armour {unknown}
 h - 5 scrolls of identify {unknown}
 i - a scroll of blinking {unknown}
 l - a scroll of enchant weapon {unknown}
Potions
 d - 2 potions of might
 g - 2 potions of flight {unknown}
 k - 2 potions of lignification {unknown}
 m - a potion of ambrosia {unknown}
 n - a potion of heal wounds {unknown}
 o - a potion of brilliance {unknown}
 r - 2 potions of haste {unknown}
Comestibles
 f - 4 rations


   Skills:
 + Level 4.8 Fighting
 * Level 4.4 Axes
 - Level 3.2 Armour
 + Level 4.7 Shields


You had 5 spell levels left.
You didn't know any spells.
Your spell library was empty.

Dungeon Overview and Level Annotations

Branches:
Dungeon (4/15)
 Temple: D:4-7

Altars:


Innate Abilities, Weirdness & Mutations

You are resistant to torment.
Your stone body is resilient. (AC +4)
You are immune to poison.
You resist negative energy. (rN+)
You are resistant to electric shocks. (rElec)
You can survive without breathing.
You are immune to petrification.
You are immune to rotting.


Message History

You see here a frilled lizard corpse.
There is a stone staircase leading up here.
You see here a frilled lizard corpse.
There is a stone staircase leading up here.
You see here a frilled lizard corpse.
There is a stone staircase leading up here.
You are too injured to fight recklessly!
You are too injured to fight recklessly!
You are too injured to fight recklessly!
You are too injured to fight recklessly!
You barely miss the ogre. You block the ogre's attack.
You barely miss the ogre.
You hear the brisk rusting of a distant drain.
The ogre hits you with a +0 giant club.
You closely miss the ogre. The ogre hits you with a +0 giant club!
* * * LOW HITPOINT WARNING * * *
You see here a frilled lizard corpse.
There is a stone staircase leading up here.
The ogre hits you with a +0 giant club.
You die...

### ## #######
.........# #.......
........## .......##
.......... ........#
#......... ........#
#......l..
........####......?#
#.....<.#.....O.#
#####.##@##†##.#
#........O..##.#.#
#.##..##.........#
#...........###
#.........####
.........)..##
##...>.######
#######


You could see an ogre.

Vanquished Creatures
  An ice beast (D:4)
  An orc wizard (D:3)
  An orc priest (D:3)
  A worker ant (D:4)
  Robin (D:2)
  5 adders
  An ooze (D:1)
  2 worms
  2 dart slugs
  A leopard gecko (D:3)
  8 orcs (D:3)
  A ball python (D:3)
  3 bats
  4 giant cockroaches
  16 goblins
  5 hobgoblins
  3 jackals (D:1)
  9 kobolds
  A quokka (D:3)
  3 frilled lizards
  4 rats
73 creatures vanquished.

Notes
Turn   | Place    | Note
-------+----------+-------------------------------------------
     0 | D:1      | sentinel the Gargoyle Fighter began the quest for the Orb.
     0 | D:1      | Reached XP level 1. HP: 14/14 MP: 1/1
   166 | D:1      | Reached XP level 2. HP: 19/19 MP: 2/2
   584 | D:2      | Reached XP level 3. HP: 23/23 MP: 3/3
   818 | D:2      | Noticed Robin
   951 | D:2      | Reached XP level 4. HP: 29/29 MP: 4/4
  1080 | D:2      | Killed Robin
  1502 | D:3      | Reached XP level 5. HP: 11/33 MP: 5/5
  2007 | D:3      | Found a faded altar of an unknown god.
  2173 | D:4      | Noticed a phantom
  2234 | D:4      | Noticed an ice beast
  2322 | D:4      | Killed an ice beast
  2322 | D:4      | Reached XP level 6. HP: 26/39 MP: 6/6
  2465 | D:4      | Slain by an ogre

Levels and vault maps discovered:
D:1:      nzn_arrival_depleted_hourglass, layout_basic, minmay_misc_feat_encased
D:2:      layout_rooms, chequers_serial_rivers_room_b, uniq_robin
D:3:      layout_loops_ring, chequers_ecumenical_altar_grove
D:4:      layout_loops_cross, first_ration, gup_sewer_entry_spiral,
          serial_bayou_pond_d

Skill      XL: |  1  2  3  4  5 |
---------------+----------------+-----
Axes           | 2 3 4 |  4.4
Shields        | 4 |  4.7
Fighting       | 4 |  4.8
Armour         | |  3.2

Action                   |  1- 3 |  4- 6 || total
-------------------------+-------+-------++-------
Melee: War axe           |    91 |   151 ||   242
       Whip              |       |    39 ||    39
  Eat: Chunk             |       |     5 ||     5
Armor: Scale mail        |    68 |    98 ||   166
Dodge: Dodged            |    27 |    57 ||    84
Block: Shield            |    58 |   100 ||   158
